 Dungeon Crawl Stone Soup version 0.24-a0-249-g2af7e83 (webtiles) character file.

Game seed: 6547860696089539880

113954 Gorice the Quickloader (level 16, -2/128 HPs)
             Began as a Gnoll Wanderer on Apr 12, 2019.
             Was the Champion of Okawaru.
             Slain by a shambling mangrove (21 damage)
             ... on level 2 of the Swamp on Apr 13, 2019.
             The game lasted 02:39:03 (35778 turns).

Gorice the Quickloader (Gnoll Wanderer)            Turns: 35778, Time: 02:39:04

Health: -2/128     AC: 31    Str: 18    XL:     16   Next: 64%
Magic:  29/30      EV: 14    Int: 17    God:    Okawaru [******]
Gold:   1987       SH: 15    Dex: 21    Spells: 36/36 levels left

rFire    . . .     SeeInvis .   a - +3 morningstar "Wemm" {distort, rC- MR+ Int+2 Dex+3}
rCold    . . .     Gourm    +   T - +0 shield
rNeg     . . .     Faith    .   s - +0 plate armour
rPois    +         Spirit   .   n - +1 helmet
rElec    .         Reflect  .   E - +2 cloak {rPois}
rCorr    .         Harm     .   g - +2 pair of gloves
MR       ++...                  N - +0 pair of boots
Stlth    ++........             J - amulet of the gourmand
HPRegen  0.31/turn              O - ring of protection from cold
MPRegen  0.22/turn              P - +2 ring of protection

@: heroism, grasped by roots, constricted, studying Crossbows
A: distributed training, fangs 1, strong nose
a: Heroism, Finesse, Renounce Religion


You were on level 2 of the Swamp.
You worshipped Okawaru.
Okawaru was exalted by your worship.
You were completely stuffed.

You visited 5 branches of the dungeon, and saw 26 of its levels.
You also visited: Gauntlet.

You collected 2591 gold pieces.
You spent 604 gold pieces at shops.

Inventory:

Hand Weapons
 a - the +3 morningstar "Wemm" (weapon) {distort, rC- MR+ Int+2 Dex+3}
   (You bought it in a shop on level 5 of the Dungeon)

   It warps and distorts space around it.
   Unwielding it can cause banishment or high damage.
   It affects your intelligence (+2).
   It affects your dexterity (+3).
   It makes you vulnerable to cold.
   It affects your resistance to hostile enchantments.
 y - the +11 hand axe of the Unkillable {chop, rPois Str+5, unknown}
   (Okawaru gifted it to you on level 2 of the Swamp)

   It inflicts extra damage upon your enemies.
   It affects your strength (+5).
   It protects you from poison.
 B - a +0 blowgun
Missiles
 e - 6 curare-tipped needles
 v - 18 tomahawks
 A - 3 javelins of returning (quivered)
 Z - 5 throwing nets {!f}
Armour
 g - a +2 pair of gloves (worn)
 n - a +1 helmet (worn)
 o - a +0 large shield
 s - a +0 plate armour (worn)
 E - a +2 cloak of poison resistance (worn)
   (You found it in a Gauntlet)
 N - a +0 pair of boots (worn)
 T - a +0 shield (worn)
Jewellery
 c - an uncursed ring of protection from cold
 m - an uncursed ring of protection from magic
 C - an uncursed ring of resist corrosion
 F - an uncursed ring of fire
 J - an amulet of the gourmand (around neck)
 O - a ring of protection from cold (left hand)
 P - a +2 ring of protection (right hand)
Wands
 f - a wand of flame (30)
 j - a wand of clouds (4)
 t - a wand of disintegration (19)
 D - a wand of iceblast (24)
 U - a wand of scattershot (3)
 X - a wand of paralysis (3)
Scrolls
 b - 8 scrolls of teleportation {!r}
 i - 2 scrolls of fear {!r}
 p - 2 scrolls of blinking
 r - 8 scrolls of identify
 u - a scroll of amnesia
 w - a scroll of summoning {!r}
 I - 17 scrolls of remove curse
 R - 4 scrolls of magic mapping {!r}
Potions
 k - 7 potions of might {!q}
 l - 3 potions of curing
 q - 4 potions of cancellation {!q}
 x - a potion of mutation {!q}
 z - 2 potions of resistance {!q}
 G - 2 potions of agility {!q}
 H - 5 potions of flight
 M - 6 potions of heal wounds {!q}
 S - 5 potions of invisibility {!q}
 W - 2 potions of berserk rage
Books
 Q - a manual of Crossbows {!d}
Miscellaneous
 h - a box of beasts
Comestibles
 d - 45 rations
 K - 9 chunks of flesh


   Skills:
 + Level 12.3(17.3) Fighting
 + Level 10.8(15.8) Short Blades
 + Level 10.8(15.8) Long Blades
 + Level 10.8(15.8) Axes
 + Level 11.1(16.1) Maces & Flails
 + Level 10.8(15.8) Polearms
 + Level 10.8(15.8) Staves
 + Level 10.8(15.8) Slings
 + Level 10.8(15.8) Bows
 + Level 12.8(17.8) Crossbows
 + Level 10.8(15.8) Throwing
 + Level 11.1(16.1) Armour
 + Level 12.3(17.3) Dodging
 + Level 11.0(16.0) Stealth
 + Level 11.1(16.1) Shields
 + Level 10.8(15.8) Unarmed Combat
 + Level 10.8 Spellcasting
 + Level 9.1 Conjurations
 + Level 9.1 Hexes
 + Level 9.1 Charms
 + Level 9.1 Summonings
 + Level 9.1 Necromancy
 + Level 9.1 Translocations
 + Level 9.1 Transmutations
 + Level 9.1 Fire Magic
 + Level 9.1 Ice Magic
 + Level 9.1 Air Magic
 + Level 9.1 Earth Magic
 + Level 9.1 Poison Magic
 + Level 11.6 Invocations
 + Level 10.8 Evocations


You had 36 spell levels left.
You didn't know any spells.
Your spell library contained the following spells:

 Spells                   Type           Power        Failure   Level  Hunger
 Animate Skeleton         Necr           N/A          2%          1    None
 Apportation              Tloc           #####.       2%          1    None
 Confusing Touch          Hex            #####.       2%          1    None
 Flame Tongue             Conj/Fire      #####        2%          1    None
 Magic Dart               Conj           ####         2%          1    None
 Pain                     Necr           ####         2%          1    None
 Summon Small Mammal      Summ           ####         2%          1    None
 Blink                    Tloc           N/A          3%          2    None
 Call Imp                 Summ           #####...     3%          2    None
 Slow                     Hex            #####...     3%          2    None
 Throw Flame              Conj/Fire      #####.       3%          2    None
 Call Canine Familiar     Summ           #####...     7%          3    None
 Conjure Flame            Conj/Fire      #####...     7%          3    None
 Inner Flame              Hex/Fire       #####...     7%          3    None
 Mephitic Cloud           Conj/Pois/Air  #####...     7%          3    None
 Regeneration             Chrm/Necr      #####.....   7%          3    None
 Static Discharge         Conj/Air       #####...     7%          3    None
 Summon Guardian Golem    Hex/Summ       #####...     7%          3    None
 Vampiric Draining        Necr           #####.....   7%          3    None
 Animate Dead             Necr           N/A          24%         4    ###....
 Sticky Flame             Conj/Fire      #####...     24%         4    ###....
 Summon Ice Beast         Ice/Summ       #####...     24%         4    ###....
 Summon Lightning Spire   Summ/Air       #####...     24%         4    ###....
 Agony                    Necr           #####...     54%         5    #####..
 Fireball                 Conj/Fire      #####.....   54%         5    #####..
 Bolt of Cold             Conj/Ice       #####.....   98%         6    ######.


Dungeon Overview and Level Annotations

Branches:
Dungeon (15/15)            Temple (1/1) D:6            Lair (6/6) D:11
  Swamp (2/4) Lair:3       Spider (0/4) Lair:2        Slime (0/5) Lair:6
    Orc (2/2) D:11            Elf (0/3) Orc:2        Vaults (0/5) D:14
 Depths (0/5) D:15

Altars:
Ashenzari
Cheibriados
Dithmenos
Elyvilon
Fedhas
Gozag
Hepliaklqana
Kikubaaqudgha
Makhleb
Nemelex Xobeh
Okawaru
Qazlal
Ru
Sif Muna
Trog
Uskayaw
Vehumet
Wu Jian
Xom
Yredelemnul
Zin
The Shining One

Shops:
D:5 (   D:11 !   D:12 ?   D:13 }   Orc:2 (}(}

Portals:
Trove: D:11 (give +3 shadow dragon scales)

Annotations:
D:3 3 runed translucent doors, TheOvate's ghost, amateur HaSk
D:14 Agnes
Lair:2 3 runed translucent doors, nikopol's ghost, journeyman DEFE
Abyss:1 Erica; Harold; Prince Ribbit


Innate Abilities, Weirdness & Mutations

Your experience applies equally to all skills.
You have very sharp teeth.
Your uncanny sense of smell can sniff out nearby items.


Message History

You bludgeon the alligator!! Your bite misses the alligator.
The alligator is moderately wounded.
The alligator blinks!
The grasping roots constrict you.
Unknown command.
Unknown command.
You thump the shambling mangrove!
The shambling mangrove is devoured by a tear in reality.
The grasping roots constrict you.
Unknown command.
You gain the combat prowess of a mighty hero.
You block the alligator's attack. The alligator misses you.
The shambling mangrove barely misses you.
The grasping roots constrict you. The alligator closely misses you.
The alligator tail-slaps you but does no damage.
Damage: 2 (max 17) Unknown command.
You closely miss the alligator.
The alligator is moderately wounded.
Unknown command.
You barely miss the alligator.
The alligator is moderately wounded.
You block the alligator's attack.
The alligator tail-slaps you but does no damage.
The shambling mangrove hits you but does no damage.
The grasping roots constrict you!
Damage: 14 (max 17)
You hit the shambling mangrove.
Space warps horribly around the shambling mangrove!
You bite the shambling mangrove, but do no damage.
The shambling mangrove is moderately damaged.
The alligator bites you but does no damage.
You block the alligator's attack.
Unknown command.
You sock the shambling mangrove!
Space warps horribly around the shambling mangrove!
The shambling mangrove is heavily damaged.
The alligator bites you!!
* * * LOW HITPOINT WARNING * * *
You block the alligator's attack.
Angry insects surge out from beneath the shambling mangrove's foliage!
You block the shambling mangrove's attack.
* * * LOW HITPOINT WARNING * * *
The grasping roots constrict you!
You hit the shambling mangrove but do no damage.
Space bends around the shambling mangrove.
The shambling mangrove is heavily damaged.
You block the alligator's attack. The alligator tail-slaps you.
* * * LOW HITPOINT WARNING * * *
The shambling mangrove hits you!!
You die...

♣♣♣ ♣♣♣♣♣
♣♣≈♣♣♣♣≈..♣♣♣ ♣♣♣♣
≈≈≈.≈♣≈≈≈≈.≈♣ ♣♣≈≈♣♣♣
.≈≈≈...≈≈≈≈(♣♣♣.≈≈.≈♣♣
≈.≈♣...≈≈≈≈..♣♣.≈≈y.§♣
♣♣♣♣♣..≈≈≈≈≈....≈≈y.≈♣
♣♣♣...≈≈≈≈≈≈≈≈≈.f♣≈..
♣≈.≈≈≈≈≈≈≈≈≈≈≈t@§♣
♣≈.≈≈≈≈≈....≈.≈§≈♣
♣♣♣.≈≈≈..♣♣≈..§....
♣♣.≈≈§.≈.......≈≈.≈
♣≈.≈≈.≈≈≈P..≈≈≈≈≈...
♣♣....≈≈≈≈≈§≈≈≈.....
♣.≈.≈≈≈≈≈≈≈≈≈≈≈≈.♣≈
♣.≈≈≈≈≈#...#≈≈≈≈.♣
♣♣♣♣♣♣.≈≈≈≈#.#


You could see a shambling mangrove, an alligator and 2 hornets.

Vanquished Creatures
  The ghost of Yolobob the Grappler, a journeyman TrMo (Lair:5)
  Snorg (D:11)
  A fire dragon (Lair:6)
  Fannar (Orc:1)
  A yaktaur captain (D:15)
  3 vault guards (D:14)
  Erolcha (D:9)
  7 hydras
  An ice dragon (D:9)
  4 centaur warriors
  An anaconda (shapeshifter) (D:14)
  A death knight (D:14)
  7 alligators
  10 two-headed ogres
  An orc high priest (Orc:1)
  3 death yaks (Lair:4)
  A fire crab (Lair:6)
  3 unseen horrors
  A deep troll (Orc:2)
  3 swamp dragons
  An orc knight (Orc:2)
  A deep elf mage (D:15)
  2 ugly things
  7 elephants
  6 cyclopes
  Maurice (Orc:2)
  A torpor snail (D:13)
  3 gargoyles
  6 molten gargoyles
  4 black mambas
  An apocalypse crab (Gauntlet)
  20 spiny frogs
  Joseph (D:7)
  6 rime drakes
  3 komodo dragons
  A yaktaur (D:15)
  2 tengu conjurers
  A harpy zombie (D:12)
  12 trolls
  5 tyrant leeches
  A blink frog (shapeshifter) (D:9)
  10 slime creatures
  A wolf spider simulacrum (D:15)
  9 hippogriffs
  6 blink frogs
  6 dream sheep (Lair:5)
  A water elemental (D:11)
  33 yaks
  3 vampires
  A shadow (D:14)
  4 wyverns
  A steam dragon (Lair:5)
  A wraith (D:15)
  5 basilisks
  A golden eye (shapeshifter) (D:9)
  4 vampire mosquitoes
  3 wargs
  A hungry ghost (D:10)
  3 insubstantial wisps
  A soldier ant (D:9)
  8 swamp worms
  2 acid dragons (D:13)
  9 porcupines
  4 hell hounds (Lair:6)
  2 black bears
  A hydra simulacrum (Lair:5)
  13 water moccasins
  2 swamp drakes (Swamp:1)
  17 orc warriors
  22 ogres
  5 sky beasts
  2 phantoms
  10 ice beasts
  A black mamba simulacrum (Lair:5)
  A necrophage (D:12)
  28 centaurs
  6 wolves
  8 crocodiles
  A big kobold (D:13)
  2 wyvern zombies
  19 bullfrogs
  3 wyvern skeletons
  A water moccasin skeleton (D:6)
  2 scorpions (D:6)
  A dream sheep simulacrum (Lair:5)
  16 killer bees
  12 wights
  3 electric eels
  A rime drake simulacrum (Lair:5)
  A jelly (D:12)
  8 howler monkeys
  A bullfrog zombie (D:6)
  4 crimson imps
  4 lava snakes
  4 centaur zombies
  9 hounds
  10 orc wizards
  16 centaur skeletons
  7 orc priests
  3 bullfrog skeletons
  2 iguanas
  13 worker ants
  A hound skeleton (D:6)
  A howler monkey zombie (D:5)
  A worker ant zombie (D:10)
  12 adders
  4 shadow imps
  An adder skeleton (D:8)
  3 worms
  2 dart slugs
  6 leopard geckos
  82 orcs
  4 ball pythons
  5 giant cockroaches
  3 goblins
  10 hobgoblins
  7 jackals
  19 kobolds
  4 quokkas
  8 bats
  6 frilled lizards
  A quokka skeleton (D:6)
  7 rats
702 creatures vanquished.

Vanquished Creatures (others)
  A bone dragon (D:12)
  2 hydras
  A shambling mangrove (Swamp:2)
  2 centaur warriors
  4 two-headed ogres
  2 ogre magi (Orc:2)
  2 alligators
  A tengu warrior (D:14)
  An unseen horror (D:14)
  A wolf spider zombie (D:12)
  A manticore (D:12)
  A cyclops (D:12)
  7 elephants (Lair:6)
  2 centaur zombies
  2 spiny frogs
  A centaur skeleton (D:12)
  A redback zombie (D:12)
  4 komodo dragons
  4 trolls
  2 blink frogs
  2 tyrant leeches
  3 slime creatures
  A bog body (Swamp:2)
  2 hippogriffs
  A wyvern (D:9)
  A spriggan (D:7)
  8 yaks
  A basilisk (Lair:5)
  A vampire mosquito (Swamp:1)
  A hungry ghost (D:11)
  A warg (Orc:1)
  4 water moccasins
  2 porcupines
  An orc warrior (D:11)
  An ice beast (Lair:4)
  An ogre (Orc:2)
  A big kobold (D:14)
  A bullfrog (Lair:2)
  A dream sheep simulacrum (Lair:5)
  A lava snake (Lair:6)
  A jelly (D:6)
  An orc priest (D:12)
  A worker ant (D:9)
  3 orcs
  A jackal (D:9)
  A bush (Lair:6)
  A butterfly (Lair:3)
  A demonic plant (Gauntlet)
  28 fungi
  29 plants
144 creatures vanquished.

Grand Total: 846 creatures vanquished

Notes
Turn   | Place    | Note
-------+----------+-------------------------------------------
     0 | D:1      | Gorice the Gnoll Wanderer began the quest for the Orb.
     0 | D:1      | Gorice set off with the following items: a +2 mace, 2
                  | scrolls of teleportation {!r}, a +0 robe, a ration
     0 | D:1      | Reached XP level 1. HP: 23/23 MP: 1/1
   105 | D:1      | Reached XP level 2. HP: 28/29 MP: 2/2
   960 | D:1      | Reached XP level 3. HP: 34/35 MP: 3/3
   968 | D:2      | Found a faded altar of an unknown god.
   983 | D:2      | Became a worshipper of Warmaster Okawaru
   983 | D:2      | Reached * piety under Okawaru
  1194 | D:2      | Noticed a +0 hand axe
  1195 | D:2      | Found a hide-covered altar of Uskayaw.
  1195 | D:2      | Noticed a +0 hand axe
  1293 | D:2      | Reached skill level 1 in Invocations
  1844 | D:3      | Reached skill level 1 in Short Blades
  1844 | D:3      | Reached skill level 1 in Long Blades
  1844 | D:3      | Reached skill level 1 in Axes
  1844 | D:3      | Reached skill level 1 in Polearms
  1844 | D:3      | Reached skill level 1 in Staves
  1844 | D:3      | Reached skill level 1 in Slings
  1844 | D:3      | Reached skill level 1 in Bows
  1844 | D:3      | Reached skill level 1 in Crossbows
  1844 | D:3      | Reached skill level 1 in Throwing
  1844 | D:3      | Reached skill level 1 in Unarmed Combat
  1844 | D:3      | Reached skill level 1 in Spellcasting
  1844 | D:3      | Reached skill level 1 in Evocations
  1890 | D:3      | Reached XP level 4. HP: 41/41 MP: 5/5
  1902 | D:3      | Found a bloodstained altar of Trog.
  2019 | D:3      | Noticed TheOvate's ghost (amateur HaSk)
  2020 | D:3      | Found a runed translucent gate.
  2021 | D:3      | Found a runed translucent gate.
  2021 | D:3      | Found a runed translucent gate.
  2472 | D:4      | Reached skill level 1 in Conjurations
  2472 | D:4      | Reached skill level 1 in Hexes
  2472 | D:4      | Reached skill level 1 in Charms
  2472 | D:4      | Reached skill level 1 in Summonings
  2472 | D:4      | Reached skill level 1 in Necromancy
  2472 | D:4      | Reached skill level 1 in Translocations
  2472 | D:4      | Reached skill level 1 in Transmutations
  2472 | D:4      | Reached skill level 1 in Fire Magic
  2472 | D:4      | Reached skill level 1 in Ice Magic
  2472 | D:4      | Reached skill level 1 in Air Magic
  2472 | D:4      | Reached skill level 1 in Earth Magic
  2472 | D:4      | Reached skill level 1 in Poison Magic
  2514 | D:4      | Reached XP level 5. HP: 37/47 MP: 5/7
  2596 | D:4      | Reached skill level 3 in Maces & Flails
  2596 | D:4      | Reached skill level 3 in Armour
  2596 | D:4      | Reached skill level 3 in Shields
  2790 | D:4      | HP: 5/47 [orc priest/divine providence (13)]
  2797 | D:4      | Reached XP level 6. HP: 11/53 MP: 5/8
  2799 | D:4      | HP: 10/79 [orc/+2 whip of holy wrath (2)]
  2802 | D:4      | Reached skill level 2 in Invocations
  3083 | D:4      | Reached skill level 3 in Stealth
  3114 | D:4      | Reached ** piety under Okawaru
  3162 | D:4      | Noticed a phantom
  3190 | D:4      | Killed a phantom
  3190 | D:4      | Reached skill level 2 in Short Blades
  3190 | D:4      | Reached skill level 2 in Long Blades
  3190 | D:4      | Reached skill level 2 in Axes
  3190 | D:4      | Reached skill level 2 in Polearms
  3190 | D:4      | Reached skill level 2 in Staves
  3190 | D:4      | Reached skill level 2 in Slings
  3190 | D:4      | Reached skill level 2 in Bows
  3190 | D:4      | Reached skill level 2 in Crossbows
  3190 | D:4      | Reached skill level 2 in Throwing
  3190 | D:4      | Reached skill level 2 in Unarmed Combat
  3190 | D:4      | Reached skill level 2 in Spellcasting
  3190 | D:4      | Reached skill level 2 in Evocations
  3309 | D:4      | Reached XP level 7. HP: 20/59 MP: 10/10
  3551 | D:5      | Entered Level 5 of the Dungeon
  3600 | D:5      | Reached skill level 7 in Fighting
  3600 | D:5      | Reached skill level 7 in Dodging
  3736 | D:5      | Found Pulegrofot's Antique Weapon Emporium.
  3764 | D:5      | Reached skill level 2 in Conjurations
  3764 | D:5      | Reached skill level 2 in Hexes
  3764 | D:5      | Reached skill level 2 in Charms
  3764 | D:5      | Reached skill level 2 in Summonings
  3764 | D:5      | Reached skill level 2 in Necromancy
  3764 | D:5      | Reached skill level 2 in Translocations
  3764 | D:5      | Reached skill level 2 in Transmutations
  3764 | D:5      | Reached skill level 2 in Fire Magic
  3764 | D:5      | Reached skill level 2 in Ice Magic
  3764 | D:5      | Reached skill level 2 in Air Magic
  3764 | D:5      | Reached skill level 2 in Earth Magic
  3764 | D:5      | Reached skill level 2 in Poison Magic
  3839 | D:5      | Reached *** piety under Okawaru
  3990 | D:5      | Found an opulent altar of Gozag.
  4010 | D:5      | Found a stormy altar of Qazlal.
  4103 | D:5      | Reached skill level 3 in Invocations
  4245 | D:6      | Reached XP level 8. HP: 34/67 MP: 12/12
  4268 | D:6      | Found a staircase to the Ecumenical Temple.
  4286 | D:6      | Reached skill level 3 in Short Blades
  4286 | D:6      | Reached skill level 3 in Long Blades
  4286 | D:6      | Reached skill level 3 in Axes
  4286 | D:6      | Reached skill level 4 in Maces & Flails
  4286 | D:6      | Reached skill level 3 in Polearms
  4286 | D:6      | Reached skill level 3 in Staves
  4286 | D:6      | Reached skill level 3 in Slings
  4286 | D:6      | Reached skill level 3 in Bows
  4286 | D:6      | Reached skill level 3 in Crossbows
  4286 | D:6      | Reached skill level 3 in Throwing
  4286 | D:6      | Reached skill level 4 in Armour
  4286 | D:6      | Reached skill level 4 in Shields
  4286 | D:6      | Reached skill level 3 in Unarmed Combat
  4286 | D:6      | Reached skill level 3 in Spellcasting
  4286 | D:6      | Reached skill level 3 in Evocations
  4313 | Temple   | Entered the Ecumenical Temple
  4849 | D:5      | Bought a polished morningstar for 252 gold pieces
  4849 | D:5      | Identified the +3 morningstar "Wemm" {distort, rC- MR+
                  | Int+2 Dex+3} (You bought it in a shop on level 5 of the
                  | Dungeon)
  4890 | D:6      | Reached skill level 4 in Stealth
  4902 | D:6      | Reached **** piety under Okawaru
  5101 | D:6      | Reached skill level 4 in Invocations
  5104 | D:6      | Reached skill level 3 in Conjurations
  5104 | D:6      | Reached skill level 3 in Hexes
  5104 | D:6      | Reached skill level 3 in Charms
  5104 | D:6      | Reached skill level 3 in Summonings
  5104 | D:6      | Reached skill level 3 in Necromancy
  5104 | D:6      | Reached skill level 3 in Translocations
  5104 | D:6      | Reached skill level 3 in Transmutations
  5104 | D:6      | Reached skill level 3 in Fire Magic
  5104 | D:6      | Reached skill level 3 in Ice Magic
  5104 | D:6      | Reached skill level 3 in Air Magic
  5104 | D:6      | Reached skill level 3 in Earth Magic
  5104 | D:6      | Reached skill level 3 in Poison Magic
  5161 | D:6      | Reached XP level 9. HP: 72/72 MP: 14/14
  5165 | D:6      | Got a coiled diamond amulet
  5166 | D:6      | Identified the amulet of the Vendetta {Inacc +Inv rC+ MP+9
                  | Int+2} (You found it on level 6 of the Dungeon)
  5376 | D:6      | Got a faintly glowing short sword
  5607 | D:7      | Noticed Joseph
  5620 | D:7      | Killed Joseph
  5620 | D:7      | Reached ***** piety under Okawaru
  5620 | D:7      | Reached skill level 4 in Short Blades
  5620 | D:7      | Reached skill level 4 in Long Blades
  5620 | D:7      | Reached skill level 4 in Axes
  5620 | D:7      | Reached skill level 4 in Polearms
  5620 | D:7      | Reached skill level 4 in Staves
  5620 | D:7      | Reached skill level 4 in Slings
  5620 | D:7      | Reached skill level 4 in Bows
  5620 | D:7      | Reached skill level 4 in Crossbows
  5620 | D:7      | Reached skill level 4 in Throwing
  5620 | D:7      | Reached skill level 4 in Unarmed Combat
  5620 | D:7      | Reached skill level 4 in Spellcasting
  5620 | D:7      | Reached skill level 4 in Evocations
  5936 | D:7      | Found a glowing golden altar of the Shining One.
  5974 | D:7      | Reached skill level 5 in Maces & Flails
  5974 | D:7      | Reached skill level 5 in Armour
  5974 | D:7      | Reached skill level 5 in Shields
  6231 | D:7      | Found a shimmering altar of Xom.
  6363 | D:7      | Reached skill level 5 in Stealth
  6425 | D:7      | Found a basalt altar of Yredelemnul.
  6544 | D:8      | Reached skill level 8 in Fighting
  6544 | D:8      | Reached skill level 8 in Dodging
  6582 | D:8      | Reached skill level 5 in Invocations
  6656 | D:8      | HP: 20/74 [killer bee (4)]
  6661 | D:8      | HP: 20/111 [poisoned by a killer bee]
  6667 | D:8      | HP: 14/111 [poisoned by a killer bee]
  6674 | D:8      | HP: 14/111 [poisoned by a killer bee]
  6682 | D:8      | HP: 14/111 [poisoned by a killer bee]
  7043 | D:8      | Noticed Erica
  7046 | D:8      | Banished Erica
  7046 | D:8      | Reached skill level 4 in Conjurations
  7046 | D:8      | Reached skill level 4 in Hexes
  7046 | D:8      | Reached skill level 4 in Charms
  7046 | D:8      | Reached skill level 4 in Summonings
  7046 | D:8      | Reached skill level 4 in Necromancy
  7046 | D:8      | Reached skill level 4 in Translocations
  7046 | D:8      | Reached skill level 4 in Transmutations
  7046 | D:8      | Reached skill level 4 in Fire Magic
  7046 | D:8      | Reached skill level 4 in Ice Magic
  7046 | D:8      | Reached skill level 4 in Air Magic
  7046 | D:8      | Reached skill level 4 in Earth Magic
  7046 | D:8      | Reached skill level 4 in Poison Magic
  7046 | D:8      | Reached XP level 10. HP: 80/80 MP: 13/17
  7239 | D:8      | Reached skill level 5 in Short Blades
  7239 | D:8      | Reached skill level 5 in Long Blades
  7239 | D:8      | Reached skill level 5 in Axes
  7239 | D:8      | Reached skill level 5 in Polearms
  7239 | D:8      | Reached skill level 5 in Staves
  7239 | D:8      | Reached skill level 5 in Slings
  7239 | D:8      | Reached skill level 5 in Bows
  7239 | D:8      | Reached skill level 5 in Crossbows
  7239 | D:8      | Reached skill level 5 in Throwing
  7239 | D:8      | Reached skill level 5 in Unarmed Combat
  7239 | D:8      | Reached skill level 5 in Spellcasting
  7239 | D:8      | Reached skill level 5 in Evocations
  7338 | D:8      | Noticed Harold
  7578 | D:8      | Noticed Prince Ribbit
  7581 | D:8      | Banished Prince Ribbit
  7868 | D:8      | Banished Harold
  8321 | D:9      | Noticed Erolcha
  8329 | D:9      | HP: 19/82 [something (23)]
  8333 | D:9      | HP: 9/82 [something (21)]
  8336 | D:9      | Killed Erolcha
  8336 | D:9      | Received a gift from Okawaru
  8336 | D:9      | Reached skill level 6 in Maces & Flails
  8336 | D:9      | Reached skill level 6 in Armour
  8336 | D:9      | Reached skill level 6 in Stealth
  8336 | D:9      | Reached skill level 6 in Shields
  8336 | D:9      | Reached skill level 6 in Invocations
  8341 | D:9      | Received a gift from Okawaru
  8342 | D:9      | Got a crude quarterstaff {god gift}
  8594 | D:9      | Identified the +3 quarterstaff "Soal" {crush, MP+9 Dex+2}
                  | (Okawaru gifted it to you on level 9 of the Dungeon)
  8938 | D:9      | Found a runed translucent door.
  8939 | D:9      | Noticed a fire crab
  8939 | D:9      | Noticed a lindwurm
  8939 | D:9      | a fire crab changed into a lindwurm
  9228 | D:9      | Reached XP level 11. HP: 61/87 MP: 19/19
  9347 | D:9      | Noticed a purple ugly thing
  9352 | D:9      | Noticed an ice dragon
  9354 | D:9      | Noticed a centaur warrior
  9357 | D:9      | Killed a purple ugly thing
  9365 | D:9      | Banished a centaur warrior
  9583 | D:9      | Identified Cibodequ's Reference Book on Lethal
                  | Confrontation
  9647 | D:9      | HP: 21/87 [ice dragon/blast of cold (39)]
  9650 | D:9      | Killed an ice dragon
  9650 | D:9      | Reached skill level 9 in Fighting
  9650 | D:9      | Reached skill level 6 in Short Blades
  9650 | D:9      | Reached skill level 6 in Long Blades
  9650 | D:9      | Reached skill level 6 in Axes
  9650 | D:9      | Reached skill level 6 in Polearms
  9650 | D:9      | Reached skill level 6 in Staves
  9650 | D:9      | Reached skill level 6 in Slings
  9650 | D:9      | Reached skill level 6 in Bows
  9650 | D:9      | Reached skill level 6 in Crossbows
  9650 | D:9      | Reached skill level 6 in Throwing
  9650 | D:9      | Reached skill level 9 in Dodging
  9650 | D:9      | Reached skill level 6 in Unarmed Combat
  9650 | D:9      | Reached skill level 6 in Spellcasting
  9650 | D:9      | Reached skill level 5 in Conjurations
  9650 | D:9      | Reached skill level 5 in Hexes
  9650 | D:9      | Reached skill level 5 in Charms
  9650 | D:9      | Reached skill level 5 in Summonings
  9650 | D:9      | Reached skill level 5 in Necromancy
  9650 | D:9      | Reached skill level 5 in Translocations
  9650 | D:9      | Reached skill level 5 in Transmutations
  9650 | D:9      | Reached skill level 5 in Fire Magic
  9650 | D:9      | Reached skill level 5 in Ice Magic
  9650 | D:9      | Reached skill level 5 in Air Magic
  9650 | D:9      | Reached skill level 5 in Earth Magic
  9650 | D:9      | Reached skill level 5 in Poison Magic
  9650 | D:9      | Reached skill level 6 in Evocations
  9951 | D:10     | Entered Level 10 of the Dungeon
 10107 | D:10     | Upgraded the game from 0.24-a0-246-gb963c9a to
                  | 0.24-a0-249-g2af7e83
 10276 | D:10     | Noticed a two-headed ogre
 10854 | D:10     | Banished a two-headed ogre
 10854 | D:10     | Reached skill level 7 in Invocations
 11070 | D:11     | Found a staircase to the Orcish Mines.
 11227 | D:11     | Noticed Snorg
 11243 | D:11     | Killed Snorg
 11243 | D:11     | Reached skill level 7 in Maces & Flails
 11243 | D:11     | Reached skill level 7 in Armour
 11243 | D:11     | Reached skill level 7 in Stealth
 11243 | D:11     | Reached skill level 7 in Shields
 11638 | D:11     | Found a portal to a secret trove of treasure.
 11731 | D:11     | Received a gift from Okawaru
 11735 | D:11     | HP: 26/89 [troll (8)]
 11740 | D:11     | HP: 20/89 [troll (7)]
 12026 | D:11     | Found a staircase to the Lair.
 12041 | D:11     | HP: 19/89 [gargoyle/+0 mace (8)]
 12042 | D:11     | Reached XP level 12. HP: 21/96 MP: 22/22
 12517 | D:11     | Received a gift from Okawaru
 12520 | D:11     | Found Xuqon Lips's Distillery.
 12535 | D:11     | Bought a potion of heal wounds for 60 gold pieces
 12535 | D:11     | Bought a potion of degeneration for 12 gold pieces
 12781 | Lair:1   | Entered Level 1 of the Lair of Beasts
 13048 | Lair:1   | Received a gift from Okawaru
 13056 | Lair:1   | Reached skill level 7 in Short Blades
 13056 | Lair:1   | Reached skill level 7 in Long Blades
 13056 | Lair:1   | Reached skill level 7 in Axes
 13056 | Lair:1   | Reached skill level 7 in Polearms
 13056 | Lair:1   | Reached skill level 7 in Staves
 13056 | Lair:1   | Reached skill level 7 in Slings
 13056 | Lair:1   | Reached skill level 7 in Bows
 13056 | Lair:1   | Reached skill level 7 in Crossbows
 13056 | Lair:1   | Reached skill level 7 in Throwing
 13056 | Lair:1   | Reached skill level 7 in Unarmed Combat
 13056 | Lair:1   | Reached skill level 7 in Spellcasting
 13056 | Lair:1   | Reached skill level 7 in Evocations
 13271 | Lair:1   | Received a gift from Okawaru
 14171 | Lair:2   | Noticed an eight-headed hydra
 14177 | Lair:2   | Banished an eight-headed hydra
 14177 | Lair:2   | Reached skill level 6 in Conjurations
 14177 | Lair:2   | Reached skill level 6 in Hexes
 14177 | Lair:2   | Reached skill level 6 in Charms
 14177 | Lair:2   | Reached skill level 6 in Summonings
 14177 | Lair:2   | Reached skill level 6 in Necromancy
 14177 | Lair:2   | Reached skill level 6 in Translocations
 14177 | Lair:2   | Reached skill level 6 in Transmutations
 14177 | Lair:2   | Reached skill level 6 in Fire Magic
 14177 | Lair:2   | Reached skill level 6 in Ice Magic
 14177 | Lair:2   | Reached skill level 6 in Air Magic
 14177 | Lair:2   | Reached skill level 6 in Earth Magic
 14177 | Lair:2   | Reached skill level 6 in Poison Magic
 14195 | Lair:2   | Found a hole to the Spider Nest.
 14244 | Lair:2   | Reached skill level 8 in Invocations
 14731 | Lair:2   | Found a runed translucent gate.
 14731 | Lair:2   | Found a runed translucent gate.
 14731 | Lair:2   | Found a runed translucent gate.
 15092 | Lair:2   | Reached skill level 10 in Fighting
 15092 | Lair:2   | Reached skill level 8 in Maces & Flails
 15092 | Lair:2   | Reached skill level 8 in Armour
 15092 | Lair:2   | Reached skill level 10 in Dodging
 15092 | Lair:2   | Reached skill level 8 in Shields
 15373 | Lair:2   | Noticed nikopol's ghost (journeyman DEFE)
 15456 | Lair:3   | Reached skill level 8 in Stealth
 15851 | Lair:3   | Found a staircase to the Swamp.
 15853 | Lair:3   | Noticed a six-headed hydra
 15994 | Lair:3   | Reached XP level 13. HP: 103/103 MP: 24/24
 16487 | Lair:4   | Found a gate leading to a gauntlet.
 16492 | Gauntlet | Entered a Gauntlet
 16492 | Gauntlet | Found a transporter.
 16501 | Gauntlet | Found a transporter.
 16503 | Gauntlet | Found a transporter.
 16507 | Gauntlet | Found a transporter.
 16508 | Gauntlet | Found a transporter.
 16516 | Gauntlet | Found a transporter.
 16517 | Gauntlet | Found a transporter.
 16536 | Gauntlet | Found a transporter.
 16556 | Gauntlet | Found a transporter.
 16562 | Gauntlet | Found a transporter.
 16568 | Gauntlet | Found a transporter.
 16599 | Gauntlet | Found a transporter.
 17363 | Gauntlet | Noticed a minotaur
 17444 | Lair:4   | Reached skill level 8 in Crossbows
 17520 | Lair:4   | Reached skill level 8 in Short Blades
 17520 | Lair:4   | Reached skill level 8 in Long Blades
 17520 | Lair:4   | Reached skill level 8 in Axes
 17520 | Lair:4   | Reached skill level 8 in Polearms
 17520 | Lair:4   | Reached skill level 8 in Staves
 17520 | Lair:4   | Reached skill level 8 in Slings
 17520 | Lair:4   | Reached skill level 8 in Bows
 17520 | Lair:4   | Reached skill level 8 in Throwing
 17520 | Lair:4   | Reached skill level 8 in Unarmed Combat
 17520 | Lair:4   | Reached skill level 8 in Spellcasting
 17520 | Lair:4   | Reached skill level 8 in Evocations
 17974 | Lair:4   | Received a gift from Okawaru
 18248 | Lair:4   | Received a gift from Okawaru
 18392 | Lair:4   | Reached skill level 9 in Invocations
 18672 | Lair:1   | Identified a scroll of acquirement
 18891 | Lair:5   | Found a runed translucent gate.
 18891 | Lair:5   | Found a runed translucent gate.
 18891 | Lair:5   | Found a runed translucent gate.
 19349 | Lair:5   | Received a gift from Okawaru
 19350 | Lair:5   | Got a sapphire lajatang {god gift}
 19351 | Lair:5   | Identified the +2 lajatang of the Known World {pain, Dex+5}
                  | (Okawaru gifted it to you on level 5 of the Lair of Beasts)
 19698 | Lair:5   | Noticed Yolobob's ghost (journeyman TrMo)
 19782 | Lair:5   | Reached skill level 7 in Conjurations
 19782 | Lair:5   | Reached skill level 7 in Hexes
 19782 | Lair:5   | Reached skill level 7 in Charms
 19782 | Lair:5   | Reached skill level 7 in Summonings
 19782 | Lair:5   | Reached skill level 7 in Necromancy
 19782 | Lair:5   | Reached skill level 7 in Translocations
 19782 | Lair:5   | Reached skill level 7 in Transmutations
 19782 | Lair:5   | Reached skill level 7 in Fire Magic
 19782 | Lair:5   | Reached skill level 7 in Ice Magic
 19782 | Lair:5   | Reached skill level 7 in Air Magic
 19782 | Lair:5   | Reached skill level 7 in Earth Magic
 19782 | Lair:5   | Reached skill level 7 in Poison Magic
 19848 | Lair:5   | Killed Yolobob's ghost
 20179 | Lair:6   | Entered Level 6 of the Lair of Beasts
 20203 | Lair:5   | Reached skill level 9 in Crossbows
 20420 | Lair:6   | Found a staircase to the Slime Pits.
 20426 | Lair:6   | Reached skill level 9 in Maces & Flails
 20426 | Lair:6   | Reached skill level 9 in Armour
 20426 | Lair:6   | Reached skill level 9 in Shields
 20762 | Lair:6   | Reached skill level 9 in Stealth
 21308 | Lair:5   | Reached XP level 14. HP: 94/111 MP: 26/26
 21576 | Lair:6   | Received a gift from Okawaru
 22135 | Lair:6   | Received a gift from Okawaru
 22395 | Lair:6   | Reached skill level 11 in Fighting
 22395 | Lair:6   | Reached skill level 11 in Dodging
 22396 | Lair:6   | Reached skill level 9 in Short Blades
 22396 | Lair:6   | Reached skill level 9 in Long Blades
 22396 | Lair:6   | Reached skill level 9 in Axes
 22396 | Lair:6   | Reached skill level 9 in Polearms
 22396 | Lair:6   | Reached skill level 9 in Staves
 22396 | Lair:6   | Reached skill level 9 in Slings
 22396 | Lair:6   | Reached skill level 9 in Bows
 22396 | Lair:6   | Reached skill level 9 in Throwing
 22396 | Lair:6   | Reached skill level 9 in Unarmed Combat
 22396 | Lair:6   | Reached skill level 9 in Spellcasting
 22396 | Lair:6   | Reached skill level 9 in Evocations
 22669 | Lair:6   | Found a large runed translucent door.
 22673 | Lair:6   | Found a large runed translucent door.
 22709 | Lair:6   | Reached skill level 10 in Crossbows
 23608 | Orc:1    | Entered Level 1 of the Orcish Mines
 23649 | Orc:1    | Reached skill level 10 in Invocations
 23666 | Orc:1    | Noticed Fannar
 23875 | Orc:1    | Killed Fannar
 24441 | Orc:2    | Entered Level 2 of the Orcish Mines
 24490 | Orc:2    | Found a staircase to the Elven Halls.
 25099 | Orc:2    | HP: 33/113 [two-headed ogre/+0 giant spiked club (6)]
 25106 | Orc:2    | HP: 30/113 [troll (5)]
 25176 | Orc:2    | Noticed Maurice
 25514 | Orc:2    | Found Buc Kei's Antique Weapon Emporium.
 25543 | Orc:2    | Killed Maurice
 25744 | Orc:2    | Reached skill level 8 in Conjurations
 25744 | Orc:2    | Reached skill level 8 in Hexes
 25744 | Orc:2    | Reached skill level 8 in Charms
 25744 | Orc:2    | Reached skill level 8 in Summonings
 25744 | Orc:2    | Reached skill level 8 in Necromancy
 25744 | Orc:2    | Reached skill level 8 in Translocations
 25744 | Orc:2    | Reached skill level 8 in Transmutations
 25744 | Orc:2    | Reached skill level 8 in Fire Magic
 25744 | Orc:2    | Reached skill level 8 in Ice Magic
 25744 | Orc:2    | Reached skill level 8 in Air Magic
 25744 | Orc:2    | Reached skill level 8 in Earth Magic
 25744 | Orc:2    | Reached skill level 8 in Poison Magic
 25787 | Orc:2    | Reached XP level 15. HP: 79/119 MP: 28/28
 25947 | Orc:2    | Received a gift from Okawaru
 25966 | Orc:2    | Found Emasas's Gadget Boutique.
 26058 | Orc:2    | Reached skill level 10 in Maces & Flails
 26058 | Orc:2    | Reached skill level 10 in Armour
 26058 | Orc:2    | Reached skill level 10 in Shields
 26313 | Orc:2    | HP: 25/119 [cyclops/large rock (27)]
 26649 | Orc:2    | Reached skill level 11 in Crossbows
 26698 | Orc:2    | Found Unyh Jeew's Weapon Shoppe.
 26699 | Orc:2    | Found Naghokho's Gadget Emporium.
 27084 | D:12     | Reached skill level 10 in Stealth
 27212 | D:12     | Noticed a bone dragon
 27213 | D:12     | Found the +9 sword of Zonguldrok {reap}
 27365 | D:12     | Reached ****** piety under Okawaru
 27684 | D:12     | Banished a bone dragon
 27904 | D:12     | Found Funac's Magic Scroll Boutique.
 27914 | D:12     | Bought a scroll of brand weapon for 280 gold pieces
 27989 | D:12     | Received a gift from Okawaru
 28247 | D:12     | Reached skill level 10 in Short Blades
 28247 | D:12     | Reached skill level 10 in Long Blades
 28247 | D:12     | Reached skill level 10 in Axes
 28247 | D:12     | Reached skill level 10 in Polearms
 28247 | D:12     | Reached skill level 10 in Staves
 28247 | D:12     | Reached skill level 10 in Slings
 28247 | D:12     | Reached skill level 10 in Bows
 28247 | D:12     | Reached skill level 10 in Throwing
 28247 | D:12     | Reached skill level 10 in Unarmed Combat
 28247 | D:12     | Reached skill level 10 in Spellcasting
 28247 | D:12     | Reached skill level 10 in Evocations
 28829 | D:13     | Found Nuopuidd's Gadget Shop.
 28837 | D:13     | Received a gift from Okawaru
 28842 | D:13     | Got a brightly glowing demon blade {god gift}
 28849 | D:13     | Identified the +3 demon blade "Emaujeus" {venom, rPois
                  | Int+5 Dex-2 SInv} (Okawaru gifted it to you on level 13 of
                  | the Dungeon)
 29856 | D:14     | Reached skill level 11 in Invocations
 29900 | D:14     | HP: 29/120 [??? (26)]
 30504 | D:14     | Found a shattered altar of Ashenzari.
 30531 | D:14     | Found a gate to the Vaults.
 30610 | D:14     | HP: 34/120 [tengu warrior/bolt[a tengu conjurer] (11)]
 30624 | D:14     | HP: 34/120 [vault guard/+0 halberd (2)]
 30632 | D:14     | Reached skill level 12 in Crossbows
 30644 | D:14     | Reached skill level 12 in Fighting
 30644 | D:14     | Reached skill level 12 in Dodging
 30649 | D:14     | HP: 34/120 [tengu warrior/bolt[a tengu conjurer] (5)]
 30683 | D:14     | Reached XP level 16. HP: 46/127 MP: 30/30
 31097 | D:15     | Entered Level 15 of the Dungeon
 31185 | D:15     | Noticed Agnes
 31209 | D:14     | HP: 37/127 [Agnes/+0 lajatang (9)]
 31557 | D:15     | HP: 37/127 [gargoyle/stone arrow (17)]
 31900 | D:15     | Received a gift from Okawaru
 32545 | D:15     | Found a staircase to the Depths.
 32970 | Swamp:1  | Entered Level 1 of the Swamp
 33732 | Swamp:1  | Reached skill level 9 in Conjurations
 33732 | Swamp:1  | Reached skill level 9 in Hexes
 33732 | Swamp:1  | Reached skill level 9 in Charms
 33732 | Swamp:1  | Reached skill level 9 in Summonings
 33732 | Swamp:1  | Reached skill level 9 in Necromancy
 33732 | Swamp:1  | Reached skill level 9 in Translocations
 33732 | Swamp:1  | Reached skill level 9 in Transmutations
 33732 | Swamp:1  | Reached skill level 9 in Fire Magic
 33732 | Swamp:1  | Reached skill level 9 in Ice Magic
 33732 | Swamp:1  | Reached skill level 9 in Air Magic
 33732 | Swamp:1  | Reached skill level 9 in Earth Magic
 33732 | Swamp:1  | Reached skill level 9 in Poison Magic
 34585 | Swamp:1  | Reached skill level 11 in Maces & Flails
 34585 | Swamp:1  | Reached skill level 11 in Armour
 34585 | Swamp:1  | Reached skill level 11 in Shields
 34704 | Swamp:1  | Received a gift from Okawaru
 34783 | Swamp:1  | Reached skill level 11 in Stealth
 35603 | Swamp:2  | Received a gift from Okawaru
 35604 | Swamp:2  | Got an ebony hand axe {god gift}
 35777 | Swamp:2  | HP: 35/128 [alligator (18)]
 35778 | Swamp:2  | Slain by a shambling mangrove

Levels and vault maps discovered:
D:1:      dpeg_arrival_tiny_f, layout_basic, grunt_decor_one_mirror
D:2:      layout_basic, dancing_weapons_uskayaw,
          chequers_ecumenical_altar_simple, hangedman_decor_growths
D:3:      layout_basic, bloody_trog, gammafunk_ghost_nasty_kobolds
D:4:      layout_loops_cross
D:5:      layout_loops_cross, minitemple, serial_shops, shop, first_ration,
          chequers_mini_garden, minmay_misc_feat_more_columns
D:6:      minmay_octagon_keep, layout_basic, minmay_temple_entry_offerings,
          kennysheep_generic_room_3
D:7:      layout_loops_ring, yredelemnul_altar_generic, lemuel_doored_altar,
          basic_altar, the_bakery, uniq_joseph
D:8:      layout_layer_cave, uniq_erica, uniq_prince_ribbit1, uniq_harold
D:9:      layout_basic, grunt_ministairs_9, minivault_13, uniq_erolcha
D:10:     layout_stronghold
D:11:     layout_irregular_city, erik_lair_island, hiddenorc2_lemuel,
          nicolae_trove_entry_crossroad, serial_shops, shop, serial_glass,
          glass_columns_b, glass_columns_b, uniq_snorg
D:12:     layout_grid_maze, serial_shops, nicolae_shop_trees,
          minmay_guarded_unrand_zonguldrok
D:13:     layout_loops_corners, serial_shops, shop, worms_lemuel
D:14:     layout_irregular_city, lightli_vaults_fourway_checkpoint,
          evilmike_ruin_ashenzari, minivault_8
D:15:     grunt_enter_depths_snipers, layout_rooms, uniq_agnes
Temple:   eino_temple_rhombus
Lair:1:   layout_loops_ring, st_stairs_10, serial_bayou_shore_a,
          infiniplex_staircase_pool, lemuel_fruit_tree, grunt_megastairs_3
Lair:2:   layout_layer_cave, dummy_spider_entry, gammafunk_ghost_icy,
          cheibrodos_lair_caveside_slide
Lair:3:   layout_roguey, swamp_mist, lemuel_fruit_fields, serial_bayou_shore_b
Lair:4:   beast_lair_carwin_large_2, layout_small_grid, gauntlet_entry_generic,
          portal_ice_cave_entry_ice_beasts, grunt_megastairs_1
Lair:5:   layout_roguey, gammafunk_ghost_icy
Lair:6:   cheibrodos_lair_end_hotspot, layout_loops_ring, slime_dummy
Swamp:1:  layout_basic_swamp, evilmike_swamp_ruin_wall
Swamp:2:  layout_basic_swamp, nicolae_swamp_little_tower
Orc:1:    layout_caves, uniq_fannar
Orc:2:    st_orc_open, layout_caves, uniq_maurice
Gauntlet: minmay_gauntlet_mixed_oops_all_seconds
          [minmay_gauntlet_arena_77_p_blocks, gammafunk_gauntlet_arena_spirals,
          minmay_gauntlet_arena_77_two_paths, nicolae_gauntlet_arena_t_cross,
          minmay_gauntlet_arena_77_mess, gammafunk_gauntlet_arena_crates,
          gauntlet_exit_watery]

Skill      XL: |  1  2  3  4  5  6  7  8  9 10 11 12 13 14 15 16 |
---------------+-------------------------------------------------+-----
Invocations    | 1 2 3 4 5 6 7 8 9 10 11 | 11.6
Short Blades   | 1 2 3 4 5 6 7 8 9 10 | 10.8
Long Blades    | 1 2 3 4 5 6 7 8 9 10 | 10.8
Axes           | 1 2 3 4 5 6 7 8 9 10 | 10.8
Polearms       | 1 2 3 4 5 6 7 8 9 10 | 10.8
Staves         | 1 2 3 4 5 6 7 8 9 10 | 10.8
Slings         | 1 2 3 4 5 6 7 8 9 10 | 10.8
Bows           | 1 2 3 4 5 6 7 8 9 10 | 10.8
Crossbows      | 1 2 3 4 5 6 7 9 10 12 | 12.8
Throwing       | 1 2 3 4 5 6 7 8 9 10 | 10.8
Unarmed Combat | 1 2 3 4 5 6 7 8 9 10 | 10.8
Spellcasting   | 1 2 3 4 5 6 7 8 9 10 | 10.8
Evocations     | 1 2 3 4 5 6 7 8 9 10 | 10.8
Conjurations   | 1 2 3 4 5 6 7 8 9 |  9.1
Hexes          | 1 2 3 4 5 6 7 8 9 |  9.1
Charms         | 1 2 3 4 5 6 7 8 9 |  9.1
Summonings     | 1 2 3 4 5 6 7 8 9 |  9.1
Necromancy     | 1 2 3 4 5 6 7 8 9 |  9.1
Translocations | 1 2 3 4 5 6 7 8 9 |  9.1
Transmutations | 1 2 3 4 5 6 7 8 9 |  9.1
Fire Magic     | 1 2 3 4 5 6 7 8 9 |  9.1
Ice Magic      | 1 2 3 4 5 6 7 8 9 |  9.1
Air Magic      | 1 2 3 4 5 6 7 8 9 |  9.1
Earth Magic    | 1 2 3 4 5 6 7 8 9 |  9.1
Poison Magic   | 1 2 3 4 5 6 7 8 9 |  9.1
Maces & Flails | 3 4 5 6 7 8 9 10 11 | 11.1
Armour         | 3 4 5 6 7 8 9 10 11 | 11.1
Shields        | 3 4 5 6 7 8 9 10 11 | 11.1
Stealth        | 3 4 5 6 7 8 9 10 11 | 11.0
Fighting       | 7 8 9 10 11 12 | 12.3
Dodging        | 7 8 9 10 11 12 | 12.3

Action                   |  1- 3 |  4- 6 |  7- 9 | 10-12 | 13-15 | 16-18 || total
-------------------------+-------+-------+-------+-------+-------+-------++-------
Melee: Mace              |   110 |   191 |   114 |       |       |       ||   415
       Bite              |     6 |    25 |    27 |    82 |   249 |    85 ||   474
       Punch             |       |     2 |     6 |     5 |       |       ||    13
       Morningstar       |       |       |   154 |   640 |  1522 |   492 ||  2808
Throw: Stone             |     5 |       |       |       |       |       ||     5
       Tomahawk          |       |     7 |     4 |    19 |       |       ||    30
       Javelin           |       |       |       |     2 |    77 |     6 ||    85
       Throwing net      |       |       |       |       |     3 |       ||     3
Invok: Heroism           |       |     1 |     3 |    12 |    17 |     2 ||    35
       Finesse           |       |       |       |     1 |     4 |       ||     5
Evoke: Wand              |       |       |       |     2 |       |       ||     2
       Lightning rod     |       |       |       |       |     3 |       ||     3
  Use: Scroll            |     8 |     4 |     9 |    10 |     7 |       ||    38
       Potion            |       |     2 |     1 |     3 |       |       ||     6
 Stab: Sleeping          |    11 |       |       |       |       |       ||    11
       Distracted        |       |       |       |       |     1 |       ||     1
  Eat: Chunk             |     3 |     5 |    10 |    29 |    54 |    18 ||   119
       Ration            |       |       |     1 |       |     1 |       ||     2
Armor: Robe              |    26 |     5 |       |       |       |       ||    31
       Chain mail        |       |    98 |   148 |    12 |       |       ||   258
       Skin              |       |     8 |     9 |       |       |       ||    17
       Plate armour      |       |       |       |   280 |   851 |   321 ||  1452
Dodge: Dodged            |    89 |   110 |   151 |   197 |   663 |   211 ||  1421
Block: Shield            |       |       |       |   222 |   999 |   355 ||  1576

Table legend:
 A = Non-vault XP
 B = Vault XP
 C = Vault XP percentage of total XP
 D = Non-vault monster count
 E = Vault monster count
 F = Vault count percentage of total count
                 A         B        C        D         E       F
            +---------+---------+-------+---------+---------+-------
      Total |  101298 |   61494 |  37.8 |     592 |     201 |  25.3
            +---------+---------+-------+---------+---------+-------
        D:1 |      28 |       0 |   0.0 |      20 |       0 |   0.0
        D:2 |      43 |       0 |   0.0 |      21 |       0 |   0.0
        D:3 |      54 |       0 |   0.0 |      16 |       0 |   0.0
        D:4 |     553 |       0 |   0.0 |      28 |       0 |   0.0
        D:5 |     482 |       0 |   0.0 |       9 |       0 |   0.0
        D:6 |    1304 |     227 |  14.8 |      28 |       5 |  15.2
        D:7 |     609 |     597 |  49.5 |      13 |       2 |  13.3
        D:8 |    1454 |    1301 |  47.2 |      24 |       3 |  11.1
        D:9 |    1456 |    3873 |  72.7 |      27 |       9 |  25.0
       D:10 |    2932 |       0 |   0.0 |      22 |       0 |   0.0
       D:11 |    2597 |    2013 |  43.7 |      26 |      39 |  60.0
       D:12 |    6939 |    9459 |  57.7 |      31 |      21 |  40.4
       D:13 |    4618 |    1721 |  27.1 |      33 |       7 |  17.5
       D:14 |    7170 |    7754 |  52.0 |      31 |      16 |  34.0
       D:15 |    6424 |    2308 |  26.4 |      23 |       3 |  11.5
     Lair:1 |    3411 |     799 |  19.0 |      21 |       3 |  12.5
     Lair:2 |    6133 |       0 |   0.0 |      25 |       0 |   0.0
     Lair:3 |    6638 |       0 |   0.0 |      19 |       0 |   0.0
     Lair:4 |    2647 |    6100 |  69.7 |      13 |      20 |  60.6
     Lair:5 |    8105 |    3012 |  27.1 |      31 |      11 |  26.2
     Lair:6 |   10319 |    5961 |  36.6 |      33 |      22 |  40.0
    Swamp:1 |   17751 |       0 |   0.0 |      39 |       0 |   0.0
    Swamp:2 |    3621 |       0 |   0.0 |      12 |       0 |   0.0
      Orc:1 |    4077 |    2611 |  39.0 |      31 |       4 |  11.4
      Orc:2 |    1933 |   13316 |  87.3 |      16 |      35 |  68.6
   Gauntlet |       0 |     442 | 100.0 |       0 |       1 | 100.0
            +---------+---------+-------+---------+---------+-------

Table legend:
 A = Turns spent in this place as a percentage of turns spent in the entire game.
 B = Non-inter-level travel turns spent in this place as a percentage of non-inter-level travel turns spent in the entire game.
 C = Inter-level travel turns spent in this place as a percentage of turns spent in this place.
 D = Turns resting spent in this place as a percentage of non-inter-level travel turns spent in this place.
 E = Turns spent auto-exploring this place as a percentage of non-inter-level travel turns spent in this place.
 F = Non-inter-level travel turns spent in this place divided by the number of levels of this place that you've seen.
                   A       B       C       D       E      F
               +-------+-------+-------+-------+-------+----------------------
         Total | 100.0 | 100.0 |   6.3 |  32.5 |  36.6 | 1241.4
       Dungeon |  52.1 |  51.7 |   6.9 |  25.6 |  42.8 | 1156.1
        Temple |   0.4 |   0.4 |  10.6 |   0.0 |  98.3 | 118.0
          Lair |  29.4 |  28.8 |   8.0 |  36.1 |  37.0 | 1610.7
         Swamp |   6.5 |   6.9 |   1.5 |  44.2 |  23.4 | 1149.5
  Orcish Mines |   9.1 |   9.5 |   2.4 |  42.7 |  18.9 | 1587.5
      Gauntlet |   2.6 |   2.7 |   0.0 |  64.7 |   0.4 | 920.0
               +-------+-------+-------+-------+-------+----------------------

Levels and vault maps discovered:
D:1:      dpeg_arrival_tiny_f, layout_basic, grunt_decor_one_mirror
D:2:      layout_basic, dancing_weapons_uskayaw,
          chequers_ecumenical_altar_simple, hangedman_decor_growths
D:3:      layout_basic, bloody_trog, gammafunk_ghost_nasty_kobolds
D:4:      layout_loops_cross
D:5:      layout_loops_cross, minitemple, serial_shops, shop, first_ration,
          chequers_mini_garden, minmay_misc_feat_more_columns
D:6:      minmay_octagon_keep, layout_basic, minmay_temple_entry_offerings,
          kennysheep_generic_room_3
D:7:      layout_loops_ring, yredelemnul_altar_generic, lemuel_doored_altar,
          basic_altar, the_bakery, uniq_joseph
D:8:      layout_layer_cave, uniq_erica, uniq_prince_ribbit1, uniq_harold
D:9:      layout_basic, grunt_ministairs_9, minivault_13, uniq_erolcha
D:10:     layout_stronghold
D:11:     layout_irregular_city, erik_lair_island, hiddenorc2_lemuel,
          nicolae_trove_entry_crossroad, serial_shops, shop, serial_glass,
          glass_columns_b, glass_columns_b, uniq_snorg
D:12:     layout_grid_maze, serial_shops, nicolae_shop_trees,
          minmay_guarded_unrand_zonguldrok
D:13:     layout_loops_corners, serial_shops, shop, worms_lemuel
D:14:     layout_irregular_city, lightli_vaults_fourway_checkpoint,
          evilmike_ruin_ashenzari, minivault_8
D:15:     grunt_enter_depths_snipers, layout_rooms, uniq_agnes
Temple:   eino_temple_rhombus
Lair:1:   layout_loops_ring, st_stairs_10, serial_bayou_shore_a,
          infiniplex_staircase_pool, lemuel_fruit_tree, grunt_megastairs_3
Lair:2:   layout_layer_cave, dummy_spider_entry, gammafunk_ghost_icy,
          cheibrodos_lair_caveside_slide
Lair:3:   layout_roguey, swamp_mist, lemuel_fruit_fields, serial_bayou_shore_b
Lair:4:   beast_lair_carwin_large_2, layout_small_grid, gauntlet_entry_generic,
          portal_ice_cave_entry_ice_beasts, grunt_megastairs_1
Lair:5:   layout_roguey, gammafunk_ghost_icy
Lair:6:   cheibrodos_lair_end_hotspot, layout_loops_ring, slime_dummy
Swamp:1:  layout_basic_swamp, evilmike_swamp_ruin_wall
Swamp:2:  layout_basic_swamp, nicolae_swamp_little_tower
Orc:1:    layout_caves, uniq_fannar
Orc:2:    st_orc_open, layout_caves, uniq_maurice
Gauntlet: minmay_gauntlet_mixed_oops_all_seconds
          [minmay_gauntlet_arena_77_p_blocks, gammafunk_gauntlet_arena_spirals,
          minmay_gauntlet_arena_77_two_paths, nicolae_gauntlet_arena_t_cross,
          minmay_gauntlet_arena_77_mess, gammafunk_gauntlet_arena_crates,
          gauntlet_exit_watery]
